 Dungeon Crawl Stone Soup version 0.31-a0-940-gdaa99269f9 (webtiles) character file.

Game seed: 17639027576832794079

74 kae the Chopper (level 4, -1/39 HPs)
             Began as a Hill Orc Fighter on Oct 20, 2023.
             Slain by a cerulean imp
             ... wielding a +1 spear
             ... summoned by Natasha
              (3 damage)
             ... on level 2 of the Dungeon.
             The game lasted 00:00:47 (950 turns).

kae the Chopper (Hill Orc Fighter)                   Turns: 950, Time: 00:00:47

Health: -1/39      AC:  6    Str: 20    XL:     4   Next: 30%
Magic:  4/4        EV:  9    Int:  8    God:
Gold:   39         SH:  4    Dex: 10    Spells: 3/3 levels left

rFire   . . .        a - +0 war axe
rCold   . . .        c - +0 buckler
rNeg    . . .        b - +0 scale mail
rPois   .            (no helmet)
rElec   .            (no cloak)
rCorr   .            (no gloves)
SInv    .            (no boots)
Will    .....        (no amulet) Stlth
                     (no ring)
HPRegen 0.26/turn    (no ring)
MPRegen 0.09/turn

%: no passive effects
@: slowed, very slow
A: no striking features
a: no special abilities


You were on level 2 of the Dungeon.
You visited 1 branch of the dungeon, and saw 2 of its levels.

You collected 61 gold pieces.
You spent 22 gold pieces at shops.


   Skills:
 - Level 3.6 Fighting
 + Level 5.9 Axes
 - Level 3.2 Armour
 - Level 3.2 Shields


You had 3 spell levels left.
You didn't know any spells.
Your spell library was empty.

Inventory:

Hand Weapons
 a - a +0 war axe (weapon)
Missiles
 g - 17 stones
Armour
 b - a +0 scale mail (worn)
 c - a +0 buckler (worn)
Scrolls
 e - a scroll of fear
 f - a scroll of immolation {unknown}
 h - 3 scrolls of identify {@r1}
 i - a scroll of acquirement {unknown}
Potions
 d - a potion of might

Dungeon Overview and Level Annotations

Branches:
Dungeon (2/15) Zot: 11007

Altars:

Shops:
D:1 ?

Annotations:
D:2 Natasha

#............#. #.
#.....)........ ..####.
#..............
.......###..............
##.#....##..............
................##...##.
###.....#####...#######.
#.......5.......# #.
##..h@..#####.## #.
.......##..# #.†# ##
##.?... ##†####..######.
....... #....#.........
...........#......#.....
.........#........#.....
##.....#..##......#.....
#.....##.........<....#
.. ..........#.....


You could see Natasha and a cerulean imp (summoned).


Message History

😕 HP[-2]
You take 2 damage, and now have 36/39 hp.
A frilled lizard is nearby!
You closely miss the frilled lizard. The frilled lizard barely misses you.
You block the frilled lizard's attack.
You slash the frilled lizard!
You kill the frilled lizard!
Things that are here:
a frilled lizard corpse; the felid corpse of Natasha
h - 3 scrolls of identify {@r1} (gained 2) Natasha, Servant of Life and Death comes into view. 😎 HP[+3]
Your hp is fully restored (39).
No target in view!
No target in view!
Natasha hisses angrily.
Natasha misses you.
You barely miss Natasha.
Natasha claws you but does no damage. x2
You closely miss Natasha. Natasha claws you but does no damage.
You closely miss Natasha.
Natasha mumbles some strange words.
You feel disoriented. Natasha claws you but does no damage.
You miss Natasha. You block Natasha's attack.
You hit Natasha but do no damage. Natasha casts a spell at you.
You feel yourself slow down.
Natasha casts a spell.
You closely miss Natasha.
Natasha howls an incantation.
You feel troubled. Natasha claws you but does no damage.
You block the cerulean imp's attack.
You barely miss Natasha. You block Natasha's attack.
The cerulean imp hits you but does no damage.
Natasha barely misses you.
Unknown command.
You barely miss Natasha.
The cerulean imp hits you but does no damage.
Natasha claws you.
The cerulean imp hits you but does no damage.
Natasha stares at you and mumbles some strange words.
The magic dart hits you. 😕 HP[-4]
You take 4 damage, and now have 35/39 hp.
You barely miss Natasha. You block the cerulean imp's attack.
Natasha closely misses you.
The cerulean imp hits you from afar with a +0 spear.
Natasha claws you! 😮 HP[-9]
You take 9 damage, and now have 26/39 hp.
MASSIVE DAMAGE!! (PAUSE)
You barely miss Natasha.
The cerulean imp hits you but does no damage.
Natasha claws you!
* * * LOW HITPOINT WARNING * * *
The cerulean imp hits you from afar with a +0 spear.
* * * LOW HITPOINT WARNING * * *
Natasha claws you but does no damage. 😨 HP[-8]
You take 8 damage, and now have 18/39 hp.
MASSIVE DAMAGE!! (PAUSE)
You barely miss Natasha.
The cerulean imp hits you but does no damage.
Natasha claws you but does no damage. The cerulean imp closely misses you.
Natasha wildly gestures.
Natasha shimmers violently.
Natasha closely misses you. 😨 HP[+1]
You barely miss Natasha.
The cerulean imp hits you but does no damage.
Natasha barely misses you. You block the cerulean imp's attack.
Unknown command.
You hit Natasha. Natasha claws you!
* * * LOW HITPOINT WARNING * * *
You block the cerulean imp's attack. You block Natasha's attack. 😨 HP[-6]
You take 6 damage, and now have 13/39 hp.
Unknown command.
You completely miss Natasha.
The cerulean imp disappears in a puff of smoke!
Natasha claws you!
* * * LOW HITPOINT WARNING * * *
Natasha closely misses you. 😱 HP[-8]
You take 8 damage, and now have 5/39 hp.
MASSIVE DAMAGE!! (PAUSE)
Okay, then.
You hit Natasha but do no damage. You block Natasha's attack.
Natasha mumbles some strange words. 😱 HP[+1] Unknown command.
You slash Natasha! You closely miss the cerulean imp.
Natasha claws you but does no damage. The cerulean imp closely misses you.
You block Natasha's attack.
The cerulean imp hits you but does no damage.
You barely miss Natasha. You completely miss the cerulean imp.
Natasha claws you.
* * * LOW HITPOINT WARNING * * *
The cerulean imp hits you with a +1 spear.
You die...

Skill      XL: |  1  2  3 |
---------------+----------+-----
Axes           | 3 4 5 |  5.9
Fighting       | |  3.6
Armour         | |  3.2
Shields        | |  3.2

Action                     |  1- 3 |  4- 6 || total
---------------------------+-------+-------++-------
  Melee: War axe           |    82 |    23 ||   105
    Use: Scroll            |     2 |       ||     2
 Armour: Scale mail        |    43 |    28 ||    71
  Dodge: Dodged            |    40 |     9 ||    49
  Block: Buckler           |    16 |    12 ||    28

Levels and vault maps discovered:
D:1:      reono_arrival_forest_river, layout_basic, serial_shops, shop,
          nrook_campfire
D:2:      layout_rooms, shapermc_ecumenical_altar_mp_ritualfount, uniq_natasha

Notes
Turn   | Place    | Note
-------+----------+-------------------------------------------
     0 | D:1      | kae the Hill Orc Fighter began the quest for the Orb.
     0 | D:1      | Reached XP level 1. HP: 19/19 MP: 1/1
     0 | D:1      | magus.rc [v1.11.3]
    27 | D:1      | Reached skill level 3 in Axes
    36 | D:1      | Reached XP level 2. HP: 23/26 MP: 2/2
   118 | D:1      | Reached skill level 4 in Axes
   305 | D:1      | Reached XP level 3. HP: 29/31 MP: 3/3
   600 | D:1      | Reached skill level 5 in Axes
   622 | D:1      | Found Merailuph's Magic Scroll Emporium.
   635 | D:1      | Bought a scroll of identify for 22 gold pieces
   903 | D:2      | Noticed Natasha
   908 | D:2      | Killed Natasha
   909 | D:2      | Reached XP level 4. HP: 39/39 MP: 4/4
   929 | D:2      | Noticed Natasha
   947 | D:2      | HP: 5/39 [Natasha (8)]
   950 | D:2      | HP: 2/39 [Natasha (5)]
   950 | D:2      | Slain by a cerulean imp

Vanquished Creatures
  Natasha (D:2)
  3 dart slugs (D:1)
  4 ball pythons
  2 endoplasms (D:1)
  4 giant cockroaches
  4 goblins
  3 hobgoblins (D:1)
  4 jackals (D:1)
  2 quokkas
  3 bats (D:1)
  6 frilled lizards
  2 kobolds (D:1)
  3 rats (D:1)
41 creatures vanquished.

Table legend:
 A = Non-vault XP
 B = Vault XP
 C = Vault XP percentage of total XP
 D = Non-vault monster count
 E = Vault monster count
 F = Vault count percentage of total count
                 A         B        C        D         E       F
            +---------+---------+-------+---------+---------+-------
      Total |      71 |      36 |  33.6 |      40 |       1 |   2.4
            +---------+---------+-------+---------+---------+-------
        D:1 |      58 |       0 |   0.0 |      32 |       0 |   0.0
        D:2 |      13 |      36 |  73.5 |       8 |       1 |  11.1
            +---------+---------+-------+---------+---------+-------

Skill      XL: |  1  2  3 |
---------------+----------+-----
Axes           | 3 4 5 |  5.9
Fighting       | |  3.6
Armour         | |  3.2
Shields        | |  3.2

Action                     |  1- 3 |  4- 6 || total
---------------------------+-------+-------++-------
  Melee: War axe           |    82 |    23 ||   105
    Use: Scroll            |     2 |       ||     2
 Armour: Scale mail        |    43 |    28 ||    71
  Dodge: Dodged            |    40 |     9 ||    49
  Block: Buckler           |    16 |    12 ||    28

Illustrated notes

Table legend:
 A = Kills in this place as a percentage of kills in the entire game.
 B = Kills by you in this place as a percentage of kills by you in the entire game.
 C = Kills by friends in this place as a percentage of kills by friends in the entire game.
 D = Other kills in this place as a percentage of other kills in the entire game.
 E = Experience gained in this place as a percentage of experience gained in the entire game.
 F = Experience gained in this place divided by the number of levels of this place that you have seen.
                   A       B       C       D       E      F
               +-------+-------+-------+-------+-------+----------------------
         Total | 100.0 | 100.0 |   N/A |   N/A | 100.0 |  53.5
       Dungeon | 100.0 | 100.0 |   N/A |   N/A | 100.0 |  53.5
               +-------+-------+-------+-------+-------+----------------------

Table legend: (Time is in decaauts)
 A = Elapsed time spent in this place.
 B = Non-inter-level travel time spent in this place.
 C = Inter-level travel time spent in this place.
 D = Time resting spent in this place.
 E = Time spent auto-exploring this place.
 F = Levels seen in this place.
 G = Mean time per level.
                   A        B        C        D        E       F      G
               +--------+--------+--------+--------+--------+-----+--------+
         Total |    991 |    970 |     21 |      0 |    735 |   2 |  495.5 |
       Dungeon |    991 |    970 |     21 |      0 |    735 |   2 |  495.5 |
               +--------+--------+--------+--------+--------+-----+--------+

Top non-repeatable levels by time:
     D:1: 819 daAuts
     D:2: 171 daAuts
